 Dungeon Crawl Stone Soup version 0.32-a0-705-g60f233581c (webtiles) character file.

Game seed: 12488153033865570555

20 inmateoo the Chopper (level 2, -1/24 HPs)
             Began as a Coglin Berserker on Mar 14, 2024.
             Was a Follower of Trog.
             Slain by a ribbon worm (4 damage)
             ... on level 2 of the Dungeon.
             The game lasted 00:00:32 (719 turns).

inmateoo the Chopper (Coglin Berserker)              Turns: 719, Time: 00:00:32

Health: -1/24      AC:  3    Str: 17    XL:     2   Next: 79%
Magic:  2/2        EV: 11    Int:  6    God:    Trog [*.....]
Gold:   30         SH:  0    Dex: 13    Spells: 1/1 levels left

rFire   . . .        a - +0 hand axe {Cenhelm}
rCold   . . .        c - +0 dagger {Ning}
rNeg    . . .        b - +0 animal skin
rPois   .            (no helmet)
rElec   .            (no cloak)
rCorr   .            f - +0 pair of gloves
SInv    .            (no boots)
Will    .....        (amulet unavailable)
Stlth   +            (ring unavailable)
HPRegen 0.24/turn    (ring unavailable)
MPRegen 0.08/turn    (no gizmo)

%: no passive effects
@: revved
A: off-hand wielding, slow wielding, warmup strikes, no jewellery
a: Invent Gizmo, Renounce Religion, Berserk


You were on level 2 of the Dungeon.
You worshipped Trog.
Trog was aware of your devotion.
You visited 1 branch of the dungeon, and saw 2 of its levels.

You collected 30 gold pieces.

Inventory:

Hand Weapons
 a - a +0 hand axe (weapon) {Cenhelm}
 c - a +0 dagger (offhand) {Ning}
Armour
 b - a +0 animal skin (worn)
 f - a +0 pair of gloves (worn)
Scrolls
 d - a scroll of immolation {unknown}
 e - 2 scrolls of poison {unknown}
 g - a scroll of teleportation {unknown}
 h - a scroll of brand weapon {unknown}


   Skills:
 + Level 3.2 Fighting
 * Level 3.4 Axes
 + Level 2.0 Armour
 + Level 2.0 Dodging


You had one spell level left.
You didn't know any spells.
Your spell library was empty.

Dungeon Overview and Level Annotations

Branches:
Dungeon (2/15)

Altars:


Innate Abilities, Weirdness & Mutations

You can wield a second weapon in your off-hand.
It takes a long time for you to wield or remove held weapons.
Your first few attacks do less damage.
You cannot equip rings or amulets.


Message History

You hit the ribbon worm with your +0 hand axe.
You hit the bat with your +0 dagger. The bat hits you but does no damage.
The ribbon worm bites you.
You hit the ribbon worm but do no damage.
The ribbon worm is lightly wounded.
You hit the ribbon worm but do no damage.
The bat hits you but does no damage. The ribbon worm bites you.
You barely miss the bat with your +0 hand axe.
The bat is severely wounded.
You hit the ribbon worm but do no damage.
You barely miss the bat with your +0 dagger.
The bat hits you.
You hit the ribbon worm but do no damage.
The ribbon worm is lightly wounded.
You hit the ribbon worm but do no damage.
The bat hits you but does no damage. The ribbon worm bites you!
* * * LOW HITPOINT WARNING * * *
You are too injured to fight recklessly!
You are too injured to fight recklessly!
You hit the ribbon worm but do no damage.
The ribbon worm is lightly wounded.
You hit the ribbon worm with your +0 hand axe.
The bat barely misses you. The ribbon worm bites you.
* * * LOW HITPOINT WARNING * * *
You hit the ribbon worm with your +0 hand axe.
The ribbon worm is heavily wounded.
You hit the bat with your +0 hand axe.
You kill the bat!
Trog accepts your kill.
You hit the ribbon worm but do no damage.
The ribbon worm expels a string of sticky webbing.
The stream of webbing hits you but does no damage.
You are caught in a web!
The ribbon worm bites you.
* * * LOW HITPOINT WARNING * * *
You barely miss the ribbon worm with your +0 dagger.
The ribbon worm is heavily wounded.
You barely miss the ribbon worm with your +0 hand axe.
The ribbon worm bites you.
You die...

.♣ .. ...# # .♣ #..#
## #.### .♣ #..#..
...## ##.# #..#.#
#...##..#+#..#.######
#.#w...##.#..........
#.''@''##.#..........
#.'''''......########
#.''_''.#.#..........
#.'''''.#.#.#########
#.'''''.#.#........
...........########.
#############


You could see a ribbon worm (catching breath).

Vanquished Creatures
  4 bats
  2 endoplasms (D:1)
  A goblin (D:1)
  2 hobgoblins (D:1)
  A kobold (D:1)
  4 quokkas (D:1)
  A rat (D:1)
15 creatures vanquished.

Notes
Turn   | Place    | Note
-------+----------+-------------------------------------------
     0 | D:1      | inmateoo the Coglin Berserker began the quest for the Orb.
     0 | D:1      | Reached XP level 1. HP: 18/18 MP: 1/1
   227 | D:1      | Reached XP level 2. HP: 23/24 MP: 2/2
   702 | D:2      | Found a faded altar of an unknown god.
   719 | D:2      | Slain by a ribbon worm

Illustrated notes

Levels and vault maps discovered:
D:1:      dpeg_arrival_castle, layout_loops_cross, hex_medium, minmay_liquid_box
D:2:      wad_crossroads, layout_basic, basic_altar,
          hellmonk_ecumenical_altar_heavens_door, minmay_tree_intersection,
          minmay_misc_feat_secret_circle, minmay_rat_hole

Skill      XL: |  1  2 |
---------------+-------+-----
Armour         | 2 |  2.0
Dodging        | 2 |  2.0
Fighting       | |  3.2
Axes           | |  3.4

Action                     || total
---------------------------++-------
  Melee: Dagger            ||    42
         Hand axe          ||    41
   Stab: Sleeping          ||     2
 Armour: Animal skin       ||    37
  Dodge: Dodged            ||    23

Table legend: (Time is in decaauts)
 A = Elapsed time spent in this place.
 B = Non-inter-level travel time spent in this place.
 C = Inter-level travel time spent in this place.
 D = Time resting spent in this place.
 E = Time spent auto-exploring this place.
 F = Levels seen in this place.
 G = Mean time per level.
                   A        B        C        D        E       F      G
               +--------+--------+--------+--------+--------+-----+--------+
         Total |    723 |    705 |     18 |      0 |    568 |   2 |  361.5 |
       Dungeon |    723 |    705 |     18 |      0 |    568 |   2 |  361.5 |
               +--------+--------+--------+--------+--------+-----+--------+

Top non-repeatable levels by time:
     D:1: 674 daAuts
     D:2: 49 daAuts
